 Dungeon Crawl Stone Soup version 0.30-a0-1160-g6e42c06551 (webtiles) character file.

Game seed: 12445218714905299078

1649 ragingrage the Skirmisher (level 9, -2/73 HPs)
             Began as a Naga Hunter on Apr 25, 2023.
             Was a Believer of Cheibriados.
             Slain by a yak (11 damage)
             ... on level 8 of the Dungeon.
             The game lasted 00:04:45 (5108 turns).

ragingrage the Skirmisher (Naga Hunter)             Turns: 5108, Time: 00:04:46

Health: -2/73      AC:  8    Str: 20    XL:     9   Next: 0%
Magic:  9/9        EV: 15    Int: 14    God:    Cheibriados [**....]
Gold:   107        SH:  0    Dex: 23    Spells: 8/8 levels left

rFire   . . .        h - +2 sling (elec)
rCold   . . .        (no shield)
rNeg    . . .        t - +3 leather armour {Will+}
rPois   +            (no helmet)
rElec   .            (no cloak)
rCorr   .            l - +0 pair of gloves
SInv    +            (no barding)
Will    ++...        o - amulet of regeneration
Stlth   +++          z - +5 ring of evasion
HPRegen 1.12/turn    (no ring)
MPRegen 0.11/turn

%: no passive effects
@: very slow
A: AC +3, large, see invisible, deformed body, poison resistance, slowness 2,
spit poison 1, naga tail 1
a: Spit Poison, Renounce Religion, Bend Time


You were on level 8 of the Dungeon.
You worshipped Cheibriados.
Cheibriados was pleased with you.
You visited 2 branches of the dungeon, and saw 9 of its levels.

You collected 320 gold pieces.
You spent 213 gold pieces at shops.

Inventory:

Hand Weapons
 a - a +0 shortbow
 h - a +2 sling of electrocution (weapon)
Armour
 l - a +0 pair of gloves (worn)
 t - a +3 leather armour of willpower (worn)
 E - the +2 robe of the Heron {rF+ Dex+3}
   (You found it on level 7 of the Dungeon)

   Dex:       It affects your dexterity (+3).
   rF:        It protects you from fire.
 F - a +0 helmet
Jewellery
 o - an amulet of regeneration (around neck)
 z - a +5 ring of evasion (left hand)
Wands
 A - a wand of charming (14)
Scrolls
 b - 2 scrolls of immolation
 d - a scroll of fear {unknown}
 e - 2 scrolls of magic mapping
 f - a scroll of fog {unknown}
 g - 2 scrolls of identify
 i - 3 scrolls of vulnerability
 j - 2 scrolls of enchant weapon {unknown}
 n - 4 scrolls of teleportation
 r - 3 scrolls of poison
 y - a scroll of silence {unknown}
 C - a scroll of enchant armour {unknown}
 D - a scroll of acquirement {unknown}
 G - a scroll of blinking {unknown}
Potions
 c - a potion of might {unknown}
 k - a potion of heal wounds
 m - 2 potions of invisibility {unknown}
 p - a potion of mutation {unknown}
 q - 2 potions of resistance
 s - a potion of haste {unknown}
 u - 2 potions of curing
 v - a potion of berserk rage {unknown}
 w - a potion of brilliance {unknown}
 x - 2 potions of lignification {unknown}
 B - 2 potions of attraction {unknown}


   Skills:
 - Level 2.0 Fighting
 + Level 10.7 Ranged Weapons
 - Level 1.5 Dodging
 - Level 3.0 Stealth


You had 8 spell levels left.
You didn't know any spells.
Your spell library contained the following spells:

 Spells                   Type           Power      Damage    Failure   Level
 Apportation              Tloc           0%         N/A       34%         1
 Shock                    Conj/Air       0%         1d3       34%         1
 Ensorcelled Hibernation  Hex/Ice        0%         N/A       45%         2
 Spider Form              Tmut/Pois      0%         N/A       71%         3
 Swiftness                Air            0%         N/A       71%         3
 Airstrike                Air            0%         2d(0-16)  98%         4
 Anguish                  Hex/Necr       0%         N/A       98%         4
 Alistair's Intoxication  Tmut/Pois      0%         N/A       100%        5
 Summon Forest            Summ/Tloc      0%         N/A       100%        5
 Eringya's Noxious Bog    Tmut/Pois      0%         N/A       100%        6
 Summon Hydra             Summ           0%         N/A       100%        7


Dungeon Overview and Level Annotations

Branches:
Dungeon (8/15)             Temple (1/1) D:4
   Lair: D:8-11

Altars:
Ashenzari
Cheibriados
Dithmenos
Fedhas
Gozag
Hepliaklqana
Kikubaaqudgha
Nemelex Xobeh
Okawaru
Qazlal
Sif Muna
Trog
Uskayaw
Vehumet
Wu Jian
Xom

Shops:
D:2 [   D:5 ?*

Annotations:
D:3 1 runed translucent door, Crazy Yiuf
D:4 Dowan, Duvessa


Innate Abilities, Weirdness & Mutations

Your serpentine skin is tough. (AC +3)
You have supernaturally acute eyesight. (SInv)
Armour fits poorly on your strangely shaped body.
Your system is resistant to poisons. (rPois)
You cover ground very slowly.
You can spit poison.
You have a snake-like lower body.


Message History

The yak barely misses you.
The yak bellows! x2
The yak gores you. x2; The yak misses you.
The yak attacks as you move away! The yak gores you.
The yak closely misses you. The yak attacks as you move away!
The yak closely misses you. The yak attacks as you move away!
The yak misses you. x2
The yak gores you but does no damage. The yak closely misses you.
The yak attacks as you move away! The yak gores you! The yak gores you.
The yak closely misses you. The yak gores you! The yak closely misses you.
There is a stone staircase leading down here.
The yak gores you.
The yak gores you but does no damage. x2
The yak misses you.
You climb downwards.
Found an escape hatch in the floor.
There is a stone staircase leading up here.
The yak attacks as you move away! The yak barely misses you.
Found an escape hatch in the ceiling.
The yak misses you. The yak gores you! The yak barely misses you.
The yak gores you. x2
The yak attacks as you move away! The yak gores you.
* * * LOW HITPOINT WARNING * * *
The yak barely misses you. The yak gores you.
* * * LOW HITPOINT WARNING * * *
The yak gores you!
* * * LOW HITPOINT WARNING * * *
The yak gores you.
* * * LOW HITPOINT WARNING * * *
Okay, then.
You feel much better. The yak barely misses you. The yak gores you.
The yak gores you!
* * * LOW HITPOINT WARNING * * *
The yak gores you but does no damage.
Unknown command.
The air fills with toxic fumes!
As you read the scroll of poison, it crumbles to dust.
The yak gores you!
* * * LOW HITPOINT WARNING * * *
The yak gores you!
You die...

§ ## §§
###§####+##§§§
#§§§§§§§§§§§§#
#§§§§§§§§§§§§§
##§§§§YYY§§§§§§
#§§§§§Y@§§§§§§§
#§§§§§§§§##§§§§
#####§§§§# ..§
###§§§ #§§§§
§§§§§§ §§§§§§#
§§§§§§§


You could see 4 yaks.

Vanquished Creatures
  Menkaure (D:7)
  An orc warrior (D:6)
  A black bear (D:6)
  An ice beast (D:6)
  An ogre (D:4)
  A phantom (D:3)
  A kobold brigand (D:7)
  A gnoll sergeant (D:6)
  2 scorpions
  4 crimson imps (D:5)
  A hound (D:5)
  A gnoll bouda (D:7)
  A jelly (D:5)
  Natasha (thrice) (D:3)
  6 iguanas
  4 orc wizards
  8 adders
  10 gnolls
  2 shadow imps (D:6)
  An ufetubus (D:5)
  A worm (D:2)
  5 dart slugs
  12 orcs
  8 bats
  4 endoplasms
  4 giant cockroaches
  7 goblins
  11 hobgoblins
  6 jackals
  17 kobolds
  4 quokkas
  2 ball pythons (D:1)
  A frilled lizard (D:1)
  6 rats
139 creatures vanquished.

Notes
Turn   | Place    | Note
-------+----------+-------------------------------------------
     0 | D:1      | ragingrage the Naga Hunter began the quest for the Orb.
     0 | D:1      | Reached XP level 1. HP: 19/19 MP: 1/1
   140 | D:1      | Reached skill level 4 in Ranged Weapons
   140 | D:1      | Reached XP level 2. HP: 26/26 MP: 2/2
   348 | D:1      | Reached XP level 3. HP: 32/32 MP: 3/3
   852 | D:2      | Found Bekudo's Antique Armour Boutique.
   970 | D:2      | Reached skill level 5 in Ranged Weapons
   974 | D:2      | Reached XP level 4. HP: 39/39 MP: 4/4
  1611 | D:3      | Found a runed translucent door.
  1612 | D:3      | Noticed Crazy Yiuf
  1683 | D:3      | Noticed Natasha
  1684 | D:3      | Killed Natasha
  1685 | D:3      | Reached XP level 5. HP: 45/45 MP: 5/5
  1850 | D:3      | Noticed Natasha
  1854 | D:3      | Killed Natasha
  1903 | D:3      | Noticed Natasha
  1910 | D:3      | Killed Natasha
  2019 | D:2      | Bought a glowing leather armour for 135 gold pieces
  2108 | D:4      | Noticed Dowan
  2108 | D:4      | Noticed a phantom
  2113 | D:3      | Killed a phantom
  2114 | D:3      | Reached skill level 6 in Ranged Weapons
  2114 | D:3      | Reached XP level 6. HP: 47/52 MP: 6/6
  2177 | D:4      | Found a staircase to the Ecumenical Temple.
  2188 | Temple   | Entered the Ecumenical Temple
  2279 | Temple   | Became a worshipper of Cheibriados the Contemplative
  2423 | D:4      | Noticed Duvessa
  2645 | D:4      | Reached skill level 7 in Ranged Weapons
  2780 | D:4      | Reached XP level 7. HP: 60/60 MP: 7/7
  2801 | D:5      | Entered Level 5 of the Dungeon
  2809 | D:5      | Reached * piety under Cheibriados
  2967 | D:5      | Found Wuummu's General Store.
  2976 | D:5      | Bought a potion of curing for 36 gold pieces
  3051 | D:5      | Found a hazy altar of Hepliaklqana.
  3104 | D:5      | Found a shimmering altar of Xom.
  3131 | D:5      | Reached skill level 8 in Ranged Weapons
  3395 | D:5      | Found Dalum's Magic Scroll Emporium.
  3398 | D:5      | Bought a scroll of teleportation for 42 gold pieces
  3993 | D:6      | Reached XP level 8. HP: 67/67 MP: 8/8
  4313 | D:6      | Reached skill level 9 in Ranged Weapons
  4421 | D:6      | Found a shimmering blue altar of Sif Muna.
  4428 | D:6      | Reached ** piety under Cheibriados
  4683 | D:7      | Found an opulent altar of Gozag.
  4716 | D:7      | Reached skill level 10 in Ranged Weapons
  4760 | D:7      | Identified the +2 robe of the Heron {rF+ Dex+3}
  4887 | D:7      | Noticed a yak
  4887 | D:7      | Noticed Menkaure
  4892 | D:7      | Killed Menkaure
  4893 | D:7      | Reached XP level 9. HP: 23/73 MP: 9/9
  5106 | D:8      | HP: 1/73 [yak (3)]
  5108 | D:8      | Slain by a yak

Illustrated notes

Levels and vault maps discovered:
D:1:      dpeg_arrival_tiny_a, layout_loops_ring
D:2:      layout_basic, serial_shops, shop
D:3:      layout_basic, uniq_natasha, uniq_crazy_yiuf_cottage
D:4:      minmay_spotlight, layout_loops_ring, minmay_temple_entry_purple_smoke,
          uniq_duvessa
D:5:      layout_basic, led_xom_imps, nicolae_hepliaklqana_hippocampus,
          serial_shops, nicolae_shop_rolled_up, minmay_fountain_box,
          chequers_serial_rivers_small_a, nicolae_stop_n_shop_1
D:6:      layout_basic, old_standard_altar
D:7:      layout_basic, grunt_gozag_statues, uniq_prince_ribbit1, uniq_menkaure
D:8:      layout_cave_pools, nicolae_ru_awakened_eye,
          mainiacjoe_overflow_divided_tiny
Temple:   nicolae_temple_hex_pool

Skill      XL: |  1  2  3  4  5  6  7  8 |
---------------+-------------------------+-----
Ranged Weapons | 4 5 6 7 8 10 | 10.7
Stealth        | 3 |  3.0
Fighting       | |  2.0
Dodging        | |  1.5

Action                     |  1- 3 |  4- 6 |  7- 9 || total
---------------------------+-------+-------+-------++-------
   Fire: Shortbow          |    56 |       |       ||    56
         Sling             |    32 |   137 |   160 ||   329
Ability: Spit Poison       |       |     2 |     2 ||     4
    Use: Scroll            |       |       |     6 ||     6
         Potion            |       |       |     1 ||     1
 Armour: Leather armour    |     7 |    21 |    23 ||    51
  Dodge: Dodged            |    15 |    22 |    50 ||    87

Table legend: (Time is in decaauts)
 A = Elapsed time spent in this place.
 B = Non-inter-level travel time spent in this place.
 C = Inter-level travel time spent in this place.
 D = Time resting spent in this place.
 E = Time spent auto-exploring this place.
 F = Levels seen in this place.
 G = Mean time per level.
                   A        B        C        D        E       F      G
               +--------+--------+--------+--------+--------+-----+--------+
         Total |   8066 |   7362 |    704 |    212 |   6246 |   9 |  896.2 |
       Dungeon |   7901 |   7260 |    641 |    212 |   6161 |   8 |  987.6 |
        Temple |    164 |    101 |     63 |      0 |     85 |   1 |  164.0 |
               +--------+--------+--------+--------+--------+-----+--------+

Top non-repeatable levels by time:
     D:5: 1829 daAuts
     D:6: 1557 daAuts
     D:3: 1097 daAuts
     D:1: 1049 daAuts
     D:2: 977 daAuts
     D:7: 788 daAuts
     D:4: 595 daAuts
  Temple: 164 daAuts
     D:8: 6 daAuts
